 Dungeon Crawl Stone Soup version 0.29.1-15-g9cfb28693d (webtiles) character file.

Game seed: 1728117660151687977

15 protoss039 the Digger (level 2, 21/21 HPs)
             Began as a Demonspawn Earth Elementalist on Mar 13, 2023.
             Got out of the dungeon alive.
             The game lasted 00:00:40 (855 turns).

protoss039 the Digger (DsEE)                         Turns: 855, Time: 00:00:40

Health: 21/21      AC:  3    Str:  8    XL:     2   Next: 34%
Magic:  5/5        EV: 12    Int: 16    God:
Gold:   15         SH:  0    Dex: 13    Spells: 4/5 levels left

rFire   . . .      SeeInvis .   (no weapon)
rCold   . . .      Faith    .   (no shield)
rNeg    . . .      Spirit   .   a - +0 robe
rPois   .          Reflect  .   (no helmet)
rElec   .          Harm     .   (no cloak)
rCorr   .          Rampage  .   g - +0 pair of gloves
Will    .....                   (no boots)
Stlth   ++........              (no amulet)
HPRegen 0.07/turn               (no ring)
MPRegen 0.09/turn               (no ring)

@: no status effects
A: demonic guardian 1
a: no special abilities


You escaped.
You visited 1 branch of the dungeon, and saw 1 of its levels.

You collected 15 gold pieces.

Inventory:

Armour
 a - a +0 robe (worn)
 g - a +0 pair of gloves (worn)
Scrolls
 f - a scroll of teleportation {unknown}
Potions
 b - a potion of magic
 c - a potion of curing {unknown}
 d - a potion of haste {unknown}
 e - a potion of berserk rage {unknown}


   Skills:
 + Level 1.0 Fighting
 - Level 1.7 Dodging
 - Level 1.7 Stealth
 + Level 2.3 Spellcasting
 - Level 0.8 Transmutations
 + Level 3.0 Earth Magic


You had 4 spell levels left.
You knew the following spells:

 Your Spells              Type           Power      Damage    Failure   Level
a - Sandblast             Erth           22%        2d7       6%          1

Your spell library contained the following spells:

 Spells                   Type           Power      Damage    Failure   Level
 Passwall                 Tmut/Erth      6%         N/A       14%         2
 Stone Arrow              Conj/Erth      12%        3d7       32%         3
 Petrify                  Tmut/Erth      8%         N/A       65%         4


Dungeon Overview and Level Annotations

Branches:
Dungeon (1/15) Zot: 5139

Altars:


Innate Abilities, Weirdness & Mutations

A weak demonic guardian rushes to your aid.


Message History

Press: ? - help, Dir - move target, f - kobold
Aim: a kobold, wielding a +0 club and quivering stones Attack!
The kobold throws a stone.
The stone misses your quasit. The stone barely misses you.
Your quasit barely misses the kobold.
Your quasit closely misses the kobold.
Your quasit claws the kobold.
Unknown command.
Your quasit bites the kobold.
Your quasit claws the kobold.
The kobold dies!
Your Earth Magic skill increases to level 3!
There is a stone staircase leading down here.
Unknown command.
Unknown command.
You start resting.
Your quasit disappears in a puff of smoke!
Magic restored.
You start resting.
HP restored.
There is a stone staircase leading down here.
Things that are here:
a +0 club; 5 stones; a kobold skeleton A rat comes into view.
A rat is nearby!
A rat is nearby!
A rat is nearby!
An endoplasm comes into view.
Found 2 glowing amethyst potions.
You see here a green potion.
Casting: Sandblast (safe; 6% risk of failure)
Confirm with . or Enter, or press ? or * to list all spells.
Aiming: Sandblast (safe; 6% risk of failure)
Press: ? - help, Shift-Dir - straight line, f - rat
Aim: a rat (asleep, 100% to hit)
The blast of sand hits the rat.
You kill the rat!
Unknown command.
Magic restored.
There is an open door here.
There is a staircase leading out of the dungeon here.
Are you sure you want to leave the Dungeon?
This will make you lose the game!
You have escaped!

#............#
#♣.######.##.# ##.##
###.##.#
#♣♣#♣.♣.♣♣##...##.#
#...........#♣##.#.###
♣...........# #.###..
#..####'##..♣###.#.###
♣..#.....#..♣#......#
♣.. #.@...#...##.....#
#.# #.P...#..#.♣.....#
#♣ #...P.+...♣#.....#
#.....#..♣##.....#
#######..~ ##..###
#..# ###..# #♣#....#
#......#


There were no monsters in sight!

Vanquished Creatures
  A goblin (D:1)
  4 jackals (D:1)
  2 quokkas (D:1)
  A rat (D:1)
8 creatures vanquished.

Vanquished Creatures (collateral kills)
  A dart slug (D:1)
  A giant cockroach (D:1)
  A kobold (D:1)
3 creatures vanquished.

Grand Total: 11 creatures vanquished

Notes
Turn   | Place    | Note
-------+----------+-------------------------------------------
     0 | D:1      | protoss039 the Demonspawn Earth Elementalist began the
                  | quest for the Orb.
     0 | D:1      | Reached XP level 1. HP: 13/13 MP: 3/3
   514 | D:1      | Gained mutation: A weak demonic guardian rushes to your
                  | aid. [demonic ancestry]
   514 | D:1      | Reached XP level 2. HP: 5/20 MP: 0/5
   526 | D:1      | Reached skill level 1 in Fighting
   535 | D:1      | Reached skill level 3 in Earth Magic
   855 | D:$      | Got out of the dungeon alive.

Illustrated notes

Levels and vault maps discovered:
D:1:      saegor_arrival_under_anarchy, layout_loops_ring,
          hellmonk_ecumenical_altar_lost_god, st_stairs_4, minmay_tiny_reverse_x

Skill      XL: |  1  2 |
---------------+-------+-----
Fighting       | 1 |  1.0
Earth Magic    | 3 |  3.0
Dodging        | |  1.7
Stealth        | |  1.7
Spellcasting   | |  2.3
Transmutations | |  0.8

Action                   || total
-------------------------++-------
Melee: Unarmed           ||    18
       Punch             ||     1
 Cast: Sandblast         ||    11
 Stab: Sleeping          ||     1
Armor: Robe              ||     4
Dodge: Dodged            ||    22
